 Dungeon Crawl Stone Soup version 0.25-a0-10-g2fe12d4386 (webtiles) character file.

Game seed: 4316515099739260327, levelgen mode: deterministic

10666 Kohma the Covert (level 11, -2/53 HPs)
             Began as a Spriggan Enchanter on Oct 15, 2019.
             Was an Elder of Kikubaaqudgha.
             Slain by a freezing wraith (11 damage)
             ... in an ice cave.
             The game lasted 00:43:57 (16013 turns).

Kohma the Covert (Spriggan Enchanter)              Turns: 16013, Time: 00:43:57

Health: -2/53      AC:  7    Str:  4    XL:     11   Next: 39%
Magic:  13/19      EV: 25    Int: 18    God:    Kikubaaqudgha [****..]
Gold:   638        SH:  9    Dex: 21    Spells: 10/20 levels left

rFire    . . .     SeeInvis +   a - +2 dagger
rCold    . . .     Gourm    .   i - +0 buckler
rNeg     + . .     Faith    .   H - +2 robe {rN+}
rPois    .         Spirit   .   (helmet restricted)
rElec    .         Reflect  .   l - +2 cloak
rCorr    .         Harm     .   (gloves unavailable)
MR       +....                  (boots unavailable)
Stlth    ++++++....             (no amulet)
HPRegen  0.17/turn              b - +2 ring of dexterity
MPRegen  0.16/turn              J - ring of stealth

@: slowed, quick
A: very small, unfitting armour, see invisible, herbivore, speed 3, slow
metabolism 2
a: Receive Corpses, Renounce Religion


You were in an ice cave.
You worshipped Kikubaaqudgha.
Kikubaaqudgha was greatly pleased with you.
You were near starving.

You visited 2 branches of the dungeon, and saw 12 of its levels.
You also visited: Ice Cave.

You collected 638 gold pieces.

Inventory:

Hand Weapons
 a - a +2 dagger (weapon)
 v - a +1 short sword of draining
Missiles
 h - 255 stones
 m - 5 datura-tipped darts
 q - 42 poisoned darts (quivered)
 I - 2 throwing nets
Armour
 i - a +0 buckler (worn)
 l - a +2 cloak (worn)
 B - a scarf of repulsion
 H - a +2 robe of positive energy (worn)
Jewellery
 b - a +2 ring of dexterity (left hand)
 J - a ring of stealth (right hand)
Wands
 s - a wand of random effects (40)
 u - a wand of digging (4)
 C - a wand of flame (12)
 F - a wand of iceblast (7)
Scrolls
 c - 2 scrolls of enchant weapon
 e - 2 scrolls of enchant armour
 f - 2 scrolls of amnesia
 g - 7 scrolls of teleportation
 j - 2 scrolls of blinking
 p - 5 scrolls of remove curse
 w - 2 scrolls of identify
 y - a scroll of magic mapping
Potions
 k - 4 potions of curing
 n - 3 potions of agility
 r - 3 potions of heal wounds
 t - 4 potions of haste
 x - a potion of resistance
 A - a potion of brilliance
 D - a potion of lignification
 G - a potion of magic {unknown}
Comestibles
 d - 6 rations


   Skills:
 + Level 3.7 Fighting
 - Level 8.1 Short Blades
 - Level 8.1 Dodging
 - Level 12.0 Stealth
 - Level 7.2 Shields
 + Level 5.1 Spellcasting
 - Level 8.1 Hexes
 - Level 5.0 Necromancy


You had 10 spell levels left.
You knew the following spells:

 Your Spells              Type           Power        Failure   Level  Hunger
a - Corona                Hex            ####...      1%          1    None
b - Ensorcelled Hibernat  Hex/Ice        ###...       3%          2    #......
c - Confuse               Hex            ####....     1%          3    ##.....
d - Animate Dead          Necr           N/A          16%         4    ####...

Your spell library contained the following spells:

 Spells                   Type           Power        Failure   Level  Hunger
 Pain                     Necr           ###.         1%          1    None
 Tukima's Dance           Hex            ####....     1%          3    ##.....
 Corpse Rot               Necr           N/A          2%          2    #......
 Sublimation of Blood     Necr           ###.......   2%          2    #......
 Vampiric Draining        Necr           ###.......   4%          3    ##.....
 Dazzling Spray           Conj/Hex       ###...       8%          3    ##.....
 Summon Guardian Golem    Hex/Summ       ###.....     8%          3    ##.....
 Summon Small Mammal      Summ           #...         13%         1    None
 Call Imp                 Summ           #.......     21%         2    #......
 Call Canine Familiar     Summ           #.......     36%         3    ##.....
 Agony                    Necr           ###.....     41%         5    ######.
 Dispel Undead            Necr           ###.....     41%         5    ######.
 Summon Ice Beast         Ice/Summ       #.......     78%         4    ####...
 Summon Lightning Spire   Summ/Air       #.......     78%         4    ####...
 Excruciating Wounds      Chrm/Necr      ##........   78%         5    ######.
 Death Channel            Necr           ###.......   94%         6    #######


Dungeon Overview and Level Annotations

Branches:
Dungeon (11/15)            Temple (1/1) D:5            Lair (0/6) D:9
    Orc (0/2) D:10          IceCv (1/1)

Altars:
Ashenzari
Cheibriados
Dithmenos
Elyvilon
Fedhas
Gozag
Hepliaklqana
Kikubaaqudgha
Nemelex Xobeh
Okawaru
Qazlal
Ru
Sif Muna
Trog
Uskayaw
Vehumet
Wu Jian
Xom
Yredelemnul
Zin
The Shining One
Beogh

Shops:
D:6 (   D:11 =

Annotations:
D:7 3 runed translucent doors, exclusion: 3 doors, DroneFragger's ghost, amateur DrFi; MalarOregon's ghost, novice DrCj


Innate Abilities, Weirdness & Mutations

You are very small and have problems with some larger weapons.
You are too small for most types of armour.
You have supernaturally acute eyesight. (SInv)
You are a herbivore.
You cover ground extremely quickly.
You need to consume almost no food.


Message History

Press: ? - help, Shift-Dir - straight line, f - freezing wraith
Aim: a freezing wraith (chance to defeat MR: 44%)
The freezing wraith resists with some effort.
The freezing wraith completely misses you.
You block the freezing wraith's attack.
The freezing wraith completely misses you.
You block the freezing wraith's attack.
Casting: Confuse (safe; 1% risk of failure)
Confirm with . or Enter, or press ? or * to list all spells.
Aiming: Confuse (safe; 1% risk of failure)
Press: ? - help, Shift-Dir - straight line, f/p - freezing wraith
Aim: a freezing wraith (chance to defeat MR: 44%)
The freezing wraith appears confused.
The freezing wraith hits you! The freezing wraith freezes you!!
The freezing wraith hits you!
* * * LOW HITPOINT WARNING * * *
The freezing wraith drains your vigour!
You feel as though you will be slow longer.
The freezing wraith hits you!
You die...
Kikubaaqudgha rasps: "You have failed me!
Welcome... death!"

... ##..#
##...#
##...#
##...#
#...##
##..##
#WW######
##@###...##
#..##.....##
#..#...#...#
#....####..#
#...## #..##
##.## ##..##
### #...##
##....##
#......# ##


You could see 2 freezing wraiths.

Vanquished Creatures
  Erica (D:8)
  A two-headed ogre (D:10)
  An unseen horror (D:10)
  A cyclops (D:11)
  A gargoyle (D:9)
  A wolf spider simulacrum (IceCv)
  Prince Ribbit (D:6)
  A wraith (D:11)
  2 yaks
  Grum (D:11)
  3 hogs (D:7)
  A human (D:7)
  A hungry ghost (D:10)
  A death yak simulacrum (IceCv)
  An acid dragon (D:11)
  4 orc warriors
  2 black bears (D:8)
  14 ice beasts
  2 phantoms
  3 sky beasts
  4 wolves (D:11)
  3 ogres
  5 centaurs
  A crocodile (D:8)
  A big kobold (D:7)
  5 bullfrogs
  4 scorpions
  5 killer bees
  9 wights
  3 howler monkeys
  6 crimson imps
  Crazy Yiuf (D:5)
  2 jellies
  3 centaur skeletons
  11 orc priests
  A bullfrog skeleton (D:8)
  A gnoll shaman (D:7)
  2 hounds
  3 orc wizards
  An iguana (D:4)
  8 worker ants
  2 wolf simulacra (IceCv)
  A worker ant zombie (D:6)
  7 gnolls
  A howler monkey skeleton (D:7)
  17 adders
  A shadow imp (D:7)
  5 white imps (IceCv)
  3 adder skeletons (D:4)
  2 worms
  4 dart slugs
  6 leopard geckos
  46 orcs
  8 giant cockroaches
  12 goblins
  8 hobgoblins
  9 jackals
  15 kobolds
  4 quokkas
  A ball python (D:3)
  5 bats
  5 frilled lizards
  A leopard gecko skeleton (D:5)
  A quokka skeleton (D:4)
  6 rats
292 creatures vanquished.

Vanquished Creatures (others)
  A jelly (D:8)
  An adder (D:8)
  An orc (D:7)
3 creatures vanquished.

Grand Total: 295 creatures vanquished

Notes
Turn   | Place    | Note
-------+----------+-------------------------------------------
     0 | D:1      | Kohma the Spriggan Enchanter began the quest for the Orb.
     0 | D:1      | Reached XP level 1. HP: 9/9 MP: 5/5
   257 | D:1      | Reached XP level 2. HP: 12/13 MP: 3/6
   261 | D:1      | Learned a level 2 spell: Ensorcelled Hibernation
   273 | D:1      | Reached skill level 5 in Stealth
  1100 | D:1      | Reached XP level 3. HP: 16/16 MP: 5/8
  1539 | D:2      | Reached skill level 6 in Stealth
  1823 | D:2      | Reached XP level 4. HP: 21/21 MP: 5/9
  2980 | D:3      | Reached skill level 7 in Stealth
  2980 | D:3      | Reached XP level 5. HP: 24/24 MP: 10/10
  4171 | D:4      | Reached skill level 8 in Stealth
  4171 | D:4      | Reached XP level 6. HP: 28/28 MP: 11/11
  4188 | D:4      | Found a white marble altar of Elyvilon.
  4301 | D:4      | Reached skill level 5 in Short Blades
  4446 | D:4      | Reached skill level 1 in Shields
  4688 | D:4      | Learned a level 3 spell: Confuse
  5044 | D:5      | Entered Level 5 of the Dungeon
  5045 | D:5      | Noticed an orc warrior
  5078 | D:4      | Killed an orc warrior
  5078 | D:4      | Reached XP level 7. HP: 24/32 MP: 9/12
  5856 | D:5      | Found a runed translucent door.
  5857 | D:5      | Noticed Crazy Yiuf
  5864 | D:5      | Killed Crazy Yiuf
  6102 | D:5      | Found a staircase to the Ecumenical Temple.
  6111 | Temple   | Entered the Ecumenical Temple
  6143 | Temple   | Became a worshipper of Kikubaaqudgha
  6819 | D:6      | Found a blossoming altar of Fedhas.
  6819 | D:6      | Noticed Prince Ribbit
  6821 | D:6      | Killed Prince Ribbit
  6821 | D:6      | Reached XP level 8. HP: 36/36 MP: 12/14
  6885 | D:6      | Reached skill level 5 in Hexes
  7965 | D:6      | Found Giomiot's Antique Weapon Shop.
  8080 | D:7      | Reached skill level 5 in Shields
  8861 | D:7      | Reached XP level 9. HP: 39/39 MP: 13/16
  9170 | D:7      | Reached * piety under Kikubaaqudgha
  9170 | D:7      | Identified Kikubaaqudgha's Incunabulum of Dark Arts
                  | (Kikubaaqudgha gifted it to you on level 7 of the Dungeon)
  9170 | D:7      | Received a gift from Kikubaaqudgha
  9301 | D:7      | Found a runed translucent gate.
  9302 | D:7      | Found a runed translucent gate.
  9303 | D:7      | Found a runed translucent gate.
  9304 | D:7      | Noticed MalarOregon's ghost (novice DrCj)
  9305 | D:7      | Noticed DroneFragger's ghost (amateur DrFi)
  9337 | D:7      | Found an iron altar of Okawaru.
  9337 | D:7      | Found a shimmering blue altar of Sif Muna.
  9344 | D:7      | Found a glowing golden altar of the Shining One.
  9346 | D:7      | Found a faded altar of an unknown god.
  9347 | D:7      | Found a faded altar of an unknown god.
 10267 | D:7      | Reached skill level 1 in Fighting
 10916 | D:7      | Reached skill level 5 in Dodging
 11061 | D:8      | Reached ** piety under Kikubaaqudgha
 11173 | D:8      | Found a stormy altar of Qazlal.
 11461 | D:8      | Reached XP level 10. HP: 44/49 MP: 5/17
 11775 | D:8      | Found a roughly hewn altar of Beogh.
 12185 | D:8      | Found a radiant altar of Vehumet.
 12459 | D:9      | Noticed Erica
 12605 | D:9      | Noticed a gargoyle
 12692 | D:8      | Killed Erica
 12692 | D:8      | Reached skill level 9 in Stealth
 12981 | D:9      | Killed a gargoyle
 12981 | D:9      | Reached skill level 10 in Stealth
 13088 | D:9      | Found a staircase to the Lair.
 13116 | D:9      | Found a shattered altar of Ashenzari.
 13444 | D:10     | Entered Level 10 of the Dungeon
 13480 | D:10     | Noticed an unseen horror
 13487 | D:10     | Killed an unseen horror
 13487 | D:10     | Reached *** piety under Kikubaaqudgha
 13487 | D:10     | Identified Kikubaaqudgha's Disquisition on Black Magic
                  | (Kikubaaqudgha gifted it to you on level 10 of the Dungeon)
 13487 | D:10     | Received a gift from Kikubaaqudgha
 13494 | D:10     | Learned a level 4 spell: Animate Dead
 13531 | D:10     | Noticed a two-headed ogre
 13619 | D:10     | Killed a two-headed ogre
 13619 | D:10     | Reached skill level 11 in Stealth
 13619 | D:10     | Reached skill level 1 in Necromancy
 14209 | D:10     | Found a staircase to the Orcish Mines.
 14352 | D:10     | Reached XP level 11. HP: 52/52 MP: 9/18
 14364 | D:10     | Reached skill level 12 in Stealth
 14454 | D:10     | Found a roughly hewn altar of Beogh.
 15054 | D:11     | Noticed Grum
 15102 | D:11     | Killed Grum
 15111 | D:11     | Found a frozen archway.
 15274 | D:11     | Reached **** piety under Kikubaaqudgha
 15366 | D:11     | Reached skill level 5 in Necromancy
 15460 | D:11     | Found Unich's Jewellery Emporium.
 15482 | IceCv    | Entered an ice cave
 15857 | IceCv    | Reached skill level 5 in Spellcasting
 16013 | IceCv    | Slain by a freezing wraith

Levels and vault maps discovered:
D:1:      onia_arrival_larder, layout_basic, nrook_mini_backslash
D:2:      layout_basic, nrook_campfire, minmay_cut_off
D:3:      layout_loops_corners, kennysheep_small_spiral, moated_statue
D:4:      layout_basic, nicolae_overflow_crystal_walls
D:5:      layout_layer_cave, minmay_temple_entry_stoned_glass, first_ration,
          uniq_crazy_yiuf_cottage
D:6:      layout_rooms, nicolae_overflow_hidden_temple, serial_shops,
          kennysheep_mini_moat, st_stairs_6, fedhas_altar_2, uniq_prince_ribbit1
D:7:      layout_loops_ring, chequers_temple_overflow_minitemple,
          gammafunk_ghost_cemetery, grunt_livestock
D:8:      layout_cave_pools, vehumet_crystals, special_room [special_room_orc],
          grunt_qazlal_clouds
D:9:      layout_cave_pools, ashenzari_conservatory_becter, lair_entry_dummy,
          uniq_erica
D:10:     layout_loops_ring, minmay_orc_entry_temple_small, st_stairs_3,
          hex_medium
D:11:     layout_basic, portal_ice_cave_entry_ice_beasts, serial_shops, shop,
          uniq_grum
Temple:   regret_index_temple_waves
IceCv:    ice_cave_small_necro

Skill      XL: |  1  2  3  4  5  6  7  8  9 10 11 |
---------------+----------------------------------+-----
Stealth        | 5 6 7 8 11 12 | 12.0
Short Blades   | 2 3 4 5 8 |  8.1
Shields        | 3 4 5 7 |  7.2
Spellcasting   | 3 4 5 |  5.1
Hexes          | 4 8 |  8.1
Fighting       | 3 |  3.7
Dodging        | 7 8 |  8.1
Necromancy     | 2 5 |  5.0

Action                   |  1- 3 |  4- 6 |  7- 9 | 10-12 || total
-------------------------+-------+-------+-------+-------++-------
Melee: Dagger            |   103 |   207 |   192 |   215 ||   717
Throw: Dart              |       |       |    10 |    26 ||    36
 Cast: Corona            |     3 |       |       |       ||     3
       Ensorcelled Hiber |    21 |    44 |   111 |    99 ||   275
       Confuse           |       |     2 |    26 |    47 ||    75
  Use: Scroll            |       |     9 |     4 |     7 ||    20
       Potion            |       |       |     1 |     2 ||     3
 Stab: Sleeping          |    25 |    37 |    74 |    57 ||   193
       Distracted        |     2 |       |     2 |     2 ||     6
       Confused          |       |     2 |    16 |    28 ||    46
  Eat: Ration            |       |     3 |     6 |     5 ||    14
Armor: Robe              |     7 |    34 |    28 |    14 ||    83
Dodge: Dodged            |    75 |   159 |   198 |   137 ||   569
Block: Buckler           |       |       |       |    43 ||    43

Table legend:
 A = Non-vault XP
 B = Vault XP
 C = Vault XP percentage of total XP
 D = Non-vault monster count
 E = Vault monster count
 F = Vault count percentage of total count
                 A         B        C        D         E       F
            +---------+---------+-------+---------+---------+-------
      Total |    9243 |    5995 |  39.3 |     216 |      76 |  26.0
            +---------+---------+-------+---------+---------+-------
        D:1 |      46 |       5 |   9.8 |      27 |       3 |  10.0
        D:2 |      50 |      16 |  24.2 |      14 |       3 |  17.6
        D:3 |     176 |       0 |   0.0 |      28 |       0 |   0.0
        D:4 |     606 |       0 |   0.0 |      24 |       0 |   0.0
        D:5 |     246 |      45 |  15.5 |       9 |       1 |  10.0
        D:6 |     508 |     331 |  39.5 |      15 |       2 |  11.8
        D:7 |    1252 |    1005 |  44.5 |      40 |       5 |  11.1
        D:8 |    1859 |    1404 |  43.0 |      32 |      21 |  39.6
        D:9 |     580 |       3 |   0.5 |       4 |       1 |  20.0
       D:10 |    2873 |     403 |  12.3 |      16 |      13 |  44.8
       D:11 |    1047 |    1697 |  61.8 |       7 |      13 |  65.0
      IceCv |       0 |    1086 | 100.0 |       0 |      14 | 100.0
            +---------+---------+-------+---------+---------+-------
